| TOP OF THE 1ST |
|---|
| Miami Hurricaines batting - Pitching for Florida State Seminoles : RHP Chris Nearpass | | Pitching: RHP Chris Nearpass | | | Batting: RHB Chris Parsons | 0-0: Ball 1-0: Fly out, F9 (Flyball, 89S) | | Batting: LHB Alan Makela | 0-0: Fly out, F4 (Popup, 4) | | Batting: LHB Dan Seymour | 0-0: Ball 1-0: Ball 2-0: Ball 3-0: Called Strike 3-1: Foul Ball, location: 2F 3-2: Reached on error, E6 (Groundball, 6) | | Batting: LHB David Bumgardner | 0-0: Fielders Choice at 2nd, 5-4 (Groundball, 56) | | Top of the 1st over - 0 runs, 0 hits, 1 error, 1 left on base; Miami 0 - Florida State 0 | | BOTTOM OF THE 1ST |
|---|
| Florida State Seminoles batting - Pitching for Miami Hurricaines : RHP Danny Hulme | | Pitching: RHP Danny Hulme | | | Batting: LHB Matt Stancliff | 0-0: Ball 1-0: Called Strike 1-1: Called Strike 1-2: Foul Ball, location: 2F 1-2: Strikes out looking | | Batting: RHB Austin Ricks | 0-0: Ground out 4-3 (Groundball, 4) | | Batting: RHB Ryan Babcock | 0-0: Ball 1-0: Called Strike 1-1: Swinging Strike 1-2: Foul Ball, location: 2F 1-2: Strikes out swinging | | Bottom of the 1st over - 0 runs, 0 hits, 0 errors, 0 left on base; Miami 0 - Florida State 0 | | TOP OF THE 2ND |
|---|
| Miami Hurricaines batting - Pitching for Florida State Seminoles : RHP Chris Nearpass | | Batting: LHB Evan Farley | 0-0: Ball 1-0: Called Strike 1-1: Ball 2-1: Ball 3-1: Foul Ball, location: 2F 3-2: Base on Balls | | Batting: LHB Jeremy Hinton | 0-0: Ball 1-0: Ball 2-0: Ball Wild Pitch! Evan Farley to second 3-0: Base on Balls | | Batting: RHB Andy Arellano | 0-0: Swinging Strike 0-1: Ball 1-1: Called Strike 1-2: Ball 2-2: Strikes out swinging | | Batting: RHB Jesus Maldonado | 0-0: Ball 1-0: Ball 2-0: Swinging Strike 2-1: Ball 3-1: Base on Balls Evan Farley to third Jeremy Hinton to second | | Batting: RHB Jason Evans | 0-0: Ball 1-0: Called Strike 1-1: Ball 2-1: Foul Ball, location: 2F 2-2: SINGLE (Groundball, 34S) (infield hit) Evan Farley scores Jeremy Hinton to third Jesus Maldonado to second | | Batting: RHB Chris Parsons | 0-0: Foul Ball, location: 2F 0-1: Called Strike 0-2: Ball 1-2: Fly out, F7 (Flyball, 7S) | | Batting: LHB Alan Makela | 0-0: Ball 1-0: Ball 2-0: Called Strike 2-1: Swinging Strike 2-2: Strikes out swinging | | Top of the 2nd over - 1 run, 1 hit, 0 errors, 3 left on base; Miami 1 - Florida State 0 | | BOTTOM OF THE 2ND |
|---|
| Florida State Seminoles batting - Pitching for Miami Hurricaines : RHP Danny Hulme | | Batting: RHB Scott Harroun | 0-0: Foul Ball, location: 2F 0-1: Ball 1-1: Ground out 5-3 (Groundball, 56) | | Batting: LHB Kyle Thomas | 0-0: Called Strike 0-1: Ball 1-1: Ball 2-1: Ball 3-1: Called Strike 3-2: Foul Ball, location: 2F 3-2: Fly out, F9 (Flyball, 9S) | | Batting: RHB Andy Harris | 0-0: Called Strike 0-1: Called Strike 0-2: Hit by Pitch | | Batting: LHB Brett Zak | 0-0: Ball 1-0: Called Strike Balk! Andy Harris to second 1-1: SINGLE (Groundball, 6MD) Andy Harris to third Runner from 3rd tries for Home, SAFE, no throw | | Batting: RHB Matt Bruckman | 0-0: Ball 1-0: Swinging Strike 1-1: Ball 2-1: Ball 3-1: SINGLE (Groundball, 56) (infield hit) Brett Zak to second | | Batting: LHB Ken Glover | 0-0: Ball 1-0: Ball 2-0: DOUBLE (Groundball, 3L) Brett Zak scores Matt Bruckman to third | | Batting: LHB Matt Stancliff | 0-0: Ball 1-0: Foul Ball, location: 2F 1-1: Swinging Strike 1-2: Foul Ball, location: 2F 1-2: Hit by Pitch | | Batting: RHB Austin Ricks | 0-0: Ball 1-0: Called Strike 1-1: Ball 2-1: SINGLE (Line Drive, 7S) Matt Bruckman scores Ken Glover to third Matt Stancliff to second Runner from 3rd tries for Home, SAFE, throw made home | | Batting: RHB Ryan Babcock | 0-0: Ground out 4-3 (Groundball, 4) | | Bottom of the 2nd over - 4 runs, 4 hits, 0 errors, 2 left on base; Miami 1 - Florida State 4 | | TOP OF THE 3RD |
|---|
| Miami Hurricaines batting - Pitching for Florida State Seminoles : RHP Chris Nearpass | | Batting: LHB Dan Seymour | 0-0: Ball 1-0: Ball 2-0: Called Strike 2-1: Foul Ball, location: 2F 2-2: Foul Ball, location: 2F 2-2: Fly out, F8 (Flyball, 8RS) | | Batting: LHB David Bumgardner | 0-0: Ball 1-0: SINGLE (Line Drive, 8LS) | | Batting: LHB Evan Farley | 0-0: Swinging Strike 0-1: Swinging Strike 0-2: Strikes out looking | | Batting: LHB Jeremy Hinton | 0-0: Called Strike 0-1: Called Strike 0-2: Strikes out swinging | | Top of the 3rd over - 0 runs, 1 hit, 0 errors, 1 left on base; Miami 1 - Florida State 4 | | BOTTOM OF THE 3RD |
|---|
| Florida State Seminoles batting - Pitching for Miami Hurricaines : RHP Danny Hulme | | Batting: RHB Scott Harroun | 0-0: Called Strike 0-1: Ball 1-1: Foul Ball, location: 2F 1-2: Fly out, F7 (Flyball, 7) | | Batting: LHB Kyle Thomas | 0-0: Ball 1-0: Fly out, F8 (Flyball, 8LD) | | Batting: RHB Andy Harris | 0-0: Called Strike 0-1: Ball 1-1: Ball 2-1: Foul Ball, location: 2F 2-2: Foul Ball, location: 2F 2-2: Ball 3-2: Ground out 4-3 (Groundball, 4) | | Bottom of the 3rd over - 0 runs, 0 hits, 0 errors, 0 left on base; Miami 1 - Florida State 4 | | TOP OF THE 4TH |
|---|
| Miami Hurricaines batting - Pitching for Florida State Seminoles : RHP Chris Nearpass | | Batting: RHB Andy Arellano | 0-0: SINGLE (Groundball, 6MD) | |
|---|
| | | Batting: RHB Jesus Maldonado | 0-0: Called Strike 0-1: Ball 1-1: Ball 2-1: Foul Ball, location: 2F 2-2: Ball 3-2: Base on Balls Andy Arellano to second | | Batting: RHB Jason Evans | 0-0: Ball 1-0: Called Strike 1-1: Reached on error, E4 (Groundball, 4) Andy Arellano to third Jesus Maldonado to second | | Batting: RHB Chris Parsons | 0-0: GRAND SLAM HOME RUN (Flyball, 7D), Distance : 399 ft | | Batting: LHB Alan Makela | 0-0: Ball 1-0: Ground out 3-1 (Groundball, 34) | | Batting: LHB Dan Seymour | 0-0: Called Strike 0-1: Ball 1-1: Swinging Strike 1-2: Foul Ball, location: 2F 1-2: SINGLE (Flyball, 7LS) | | Batting: LHB David Bumgardner | 0-0: Ball 1-0: Called Strike 1-1: Called Strike 1-2: Foul Ball, location: 2F 1-2: Ball Pickoff Throw to First - Error! E1 Dan Seymour to second 2-2: Ball 3-2: Strikes out swinging | | Batting: LHB Evan Farley | 0-0: Called Strike 0-1: Ball 1-1: Swinging Strike 1-2: Ball 2-2: Fly out, F7 (Line Drive, 7) | | Top of the 4th over - 4 runs, 3 hits, 2 errors, 1 left on base; Miami 5 - Florida State 4 | | BOTTOM OF THE 4TH |
|---|
| Florida State Seminoles batting - Pitching for Miami Hurricaines : RHP Danny Hulme | | Batting: LHB Brett Zak | 0-0: Fly out, F5 (Popup, 25F) | | Batting: RHB Matt Bruckman | 0-0: Foul Ball, location: 2F 0-1: Foul Ball, location: 2F 0-2: Fly out, F7 (Flyball, 78D) | | Batting: LHB Ken Glover | 0-0: Ball 1-0: Ball 2-0: Ball 3-0: Base on Balls | | Batting: LHB Matt Stancliff | 0-0: Foul Ball, location: 2F 0-1: Called Strike 0-2: Ball 1-2: Ball 2-2: Strikes out swinging | | Bottom of the 4th over - 0 runs, 0 hits, 0 errors, 1 left on base; Miami 5 - Florida State 4 | | TOP OF THE 5TH |
|---|
| Miami Hurricaines batting - Pitching for Florida State Seminoles : RHP Chris Nearpass | | Batting: LHB Jeremy Hinton | 0-0: Ball 1-0: Foul Ball, location: 2F 1-1: Foul Ball, location: 2F 1-2: Strikes out swinging | | Batting: RHB Andy Arellano | 0-0: Foul Ball, location: 2F 0-1: Ball 1-1: Foul Ball, location: 2F 1-2: Ball 2-2: Ball 3-2: Foul Ball, location: 2F 3-2: Hit by Pitch | | Batting: RHB Jesus Maldonado | 0-0: Foul Ball, location: 2F 0-1: Foul Ball, location: 2F 0-2: Ball 1-2: Hit by Pitch Andy Arellano to second | | Batting: RHB Jason Evans | 0-0: Foul Ball, location: 2F 0-1: Called Strike 0-2: Ball 1-2: Strikes out swinging | | Batting: RHB Chris Parsons | 0-0: Ball 1-0: Ball 2-0: Ball 3-0: Called Strike 3-1: Foul Ball, location: 2F 3-2: Foul Ball, location: 2F 3-2: Strikes out swinging | | Top of the 5th over - 0 runs, 0 hits, 0 errors, 2 left on base; Miami 5 - Florida State 4 | | BOTTOM OF THE 5TH |
|---|
| Florida State Seminoles batting - Pitching for Miami Hurricaines : RHP Danny Hulme | | Batting: RHB Austin Ricks | 0-0: Ball 1-0: Ball 2-0: Bunt for hit - play at first, batter safe! | | Batting: RHB Ryan Babcock | 0-0: Called Strike 0-1: Ball 1-1: Swinging Strike 1-2: Ball Austin Ricks is caught stealing 2nd base 2-2: Foul Ball, location: 2F 2-2: Foul Ball, location: 2F 2-2: Ball 3-2: Foul Ball, location: 2F 3-2: Foul Ball, location: 2F 3-2: Hit by Pitch | | Batting: RHB Scott Harroun | 0-0: Swinging Strike 0-1: Ball 1-1: Foul Ball, location: 2F 1-2: SINGLE (Flyball, 9S) Ryan Babcock to second Runner from 2nd tries for 3rd, SAFE, no throw | | Batting: LHB Kyle Thomas | 0-0: Called Strike 0-1: Reached on error, E6 (Groundball, 6) Ryan Babcock scores Scott Harroun to second | | Batting: RHB Andy Harris | 0-0: Ball 1-0: Ball 2-0: Called Strike 2-1: Ball 3-1: Base on Balls Scott Harroun to third Kyle Thomas to second | | Batting: LHB Brett Zak | 0-0: GRAND SLAM HOME RUN (Flyball, 89XD), Distance : 401 ft | | Batting: RHB Matt Bruckman | 0-0: Ball 1-0: Ball 2-0: Foul Ball, location: 2F 2-1: Ball 3-1: Swinging Strike 3-2: SINGLE (Line Drive, 7LS) | | Batting: LHB Ken Glover | 0-0: Called Strike 0-1: Foul Ball, location: 2F 0-2: Ball 1-2: DOUBLE (Groundball, 5L) Matt Bruckman to third | | Pitching: RHP Bob McKenzie | | | Batting: LHB Matt Stancliff | 0-0: Ball 1-0: Foul Ball, location: 2F 1-1: DOUBLE (Flyball, 89D) Matt Bruckman scores Ken Glover scores | | Batting: RHB Austin Ricks | 0-0: Ball Matt Stancliff steals 3rd base 1-0: Called Strike 1-1: Fly out, F6 (Popup, 6S) | | Batting: RHB Ryan Babcock | 0-0: Foul Ball, location: 2F 0-1: SINGLE (Groundball, 6MD) Matt Stancliff scores | | Batting: RHB Scott Harroun | 0-0: Ball 1-0: Ball 2-0: Foul Ball, location: 2F 2-1: Ground out 6-3 (Groundball, 6) | | Bottom of the 5th over - 8 runs, 7 hits, 1 error, 1 left on base; Miami 5 - Florida State 12 | | TOP OF THE 6TH |
|---|
| Miami Hurricaines batting - Pitching for Florida State Seminoles : RHP Chris Nearpass | | Batting: LHB Alan Makela | 0-0: Ball 1-0: Ball 2-0: Ball 3-0: Base on Balls | | Pitching: RHP Sam Benes | | | Batting: LHB Dan Seymour | 0-0: Grounds into double play, 6-4-3 (Groundball, 6) | | Batting: LHB David Bumgardner | 0-0: Called Strike 0-1: Ball 1-1: Ball 2-1: Swinging Strike 2-2: Ball 3-2: Strikes out swinging | | Top of the 6th over - 0 runs, 0 hits, 0 errors, 0 left on base; Miami 5 - Florida State 12 | | BOTTOM OF THE 6TH |
|---|
| Florida State Seminoles batting - Pitching for Miami Hurricaines : RHP Bob McKenzie | | Batting: LHB Kyle Thomas | 0-0: Ball 1-0: Ball 2-0: Ground out U3 (Groundball, 3) | | Batting: RHB Andy Harris | 0-0: Ball 1-0: Swinging Strike 1-1: Ball 2-1: Called Strike 2-2: Ball 3-2: Base on Balls | | Batting: LHB Brett Zak | 0-0: Swinging Strike 0-1: Foul Ball, location: 2F 0-2: Ball 1-2: Strikes out swinging | | Batting: RHB Matt Bruckman | 0-0: Ball 1-0: Called Strike 1-1: Ball 2-1: Called Strike 2-2: Fly out, F7 (Flyball, 7) | | Bottom of the 6th over - 0 runs, 0 hits, 0 errors, 1 left on base; Miami 5 - Florida State 12 | | TOP OF THE 7TH |
|---|
| Miami Hurricaines batting - Pitching for Florida State Seminoles : RHP Sam Benes | | Batting: LHB Evan Farley | 0-0: Ball 1-0: Called Strike 1-1: Foul Ball, location: 2F 1-2: Ball 2-2: Ball 3-2: SINGLE (Groundball, 6MD) | | Batting: LHB Jeremy Hinton | 0-0: Swinging Strike 0-1: Called Strike 0-2: Ball 1-2: Ball 2-2: Strikes out swinging | | Batting: RHB Andy Arellano | 0-0: Called Strike 0-1: Called Strike 0-2: Strikes out swinging | | Batting: RHB Jesus Maldonado | 0-0: Fly out, F8 (Flyball, 8RM) | | Top of the 7th over - 0 runs, 1 hit, 0 errors, 1 left on base; Miami 5 - Florida State 12 | | BOTTOM OF THE 7TH |
|---|
| Florida State Seminoles batting - Pitching for Miami Hurricaines : RHP Bob McKenzie | | Batting: LHB Ken Glover | 0-0: Ball 1-0: Called Strike 1-1: Ball 2-1: Ball 3-1: SINGLE (Groundball, 4D) | | Batting: LHB Matt Stancliff | 0-0: Foul Ball, location: 2F 0-1: Called Strike 0-2: Foul Ball, location: 2F 0-2: SINGLE (Line Drive, 8RS) Ken Glover to second | | Batting: RHB Austin Ricks | 0-0: Swinging Strike 0-1: Ball 1-1: Ball 2-1: Ball 3-1: Base on Balls Ken Glover to third Matt Stancliff to second | | Batting: RHB Ryan Babcock | 0-0: Ground out U3 (Groundball, 3S) Ken Glover scores Matt Stancliff to third Austin Ricks to second | | Batting: RHB Scott Harroun | 0-0: Ground out U3 (Groundball, 34) Matt Stancliff scores Austin Ricks to third | | Batting: LHB Kyle Thomas | 0-0: Foul Ball, location: 2F 0-1: Ball 1-1: Swinging Strike 1-2: Ball 2-2: Ball 3-2: Foul Ball, location: 2F 3-2: Base on Balls | | Batting: RHB Andy Harris | 0-0: Ball 1-0: Foul Ball, location: 2F 1-1: Ball 2-1: Foul Ball, location: 2F 2-2: Ball 3-2: Base on Balls Kyle Thomas to second | | Batting: LHB Brett Zak | 0-0: Called Strike 0-1: Fly out, F8 (Flyball, 89D) | | Bottom of the 7th over - 2 runs, 2 hits, 0 errors, 3 left on base; Miami 5 - Florida State 14 | | TOP OF THE 8TH |
|---|
| Miami Hurricaines batting - Pitching for Florida State Seminoles : RHP Sam Benes | | Now in RF: Sam Andrade | | | Batting: RHB Jason Evans | 0-0: Ball 1-0: Ground out 3-1 (Groundball, 34S) | | Batting: RHB Chris Parsons | 0-0: Foul Ball, location: 2F 0-1: Ground out U3 (Groundball, 34) | | Batting: LHB Alan Makela | 0-0: Ball 1-0: Ball 2-0: Called Strike 2-1: Ball 3-1: Base on Balls | | Batting: LHB Dan Seymour | 0-0: Ball 1-0: Swinging Strike 1-1: SINGLE (Line Drive, 9S) Alan Makela to second Runner from 2nd tries for 3rd, SAFE, no throw | | Batting: LHB David Bumgardner | 0-0: Ball 1-0: Foul Ball, location: 2F 1-1: Ball 2-1: Ball 3-1: Called Strike 3-2: Foul Ball, location: 2F 3-2: Strikes out swinging | | Top of the 8th over - 0 runs, 1 hit, 0 errors, 2 left on base; Miami 5 - Florida State 14 | | BOTTOM OF THE 8TH |
|---|
| Florida State Seminoles batting - Pitching for Miami Hurricaines : RHP Bob McKenzie | | Batting: RHB Matt Bruckman | 0-0: Swinging Strike 0-1: Ball 1-1: Fly out, F8 (Flyball, 8RD) | | Batting: LHB Ken Glover | 0-0: Foul Ball, location: 2F 0-1: Ball 1-1: Called Strike 1-2: DOUBLE (Line Drive, 8LD) | | Batting: LHB Matt Stancliff | 0-0: Ball 1-0: Ball 2-0: Called Strike 2-1: Foul Ball, location: 2F 2-2: Strikes out swinging | | Batting: RHB Austin Ricks | 0-0: Foul Ball, location: 2F 0-1: Ball 1-1: Ball 2-1: Ground out 6-3 (Groundball, 6) | | Bottom of the 8th over - 0 runs, 1 hit, 0 errors, 1 left on base; Miami 5 - Florida State 14 | | TOP OF THE 9TH |
|---|
| Miami Hurricaines batting - Pitching for Florida State Seminoles : RHP Sam Benes | | Now at 1B: Josh Williams | | | Now at SS: Roger Matthews | | | Batting: LHB Evan Farley | 0-0: Foul Ball, location: 2F 0-1: Foul Ball, location: 2F 0-2: Ball 1-2: Ground out 6-3 (Groundball, 6) | | Batting: LHB Jeremy Hinton | 0-0: Called Strike 0-1: Ball 1-1: Foul Ball, location: 2F 1-2: Ball 2-2: Ball 3-2: Base on Balls | | Batting: RHB Andy Arellano | 0-0: Called Strike 0-1: Swinging Strike 0-2: Foul Ball, location: 2F 0-2: SINGLE (Flyball, 9S) Jeremy Hinton to second | | Batting: RHB Jesus Maldonado | 0-0: Ball 1-0: Ball 2-0: Ground out 2-3 (Groundball, 15S) Jeremy Hinton to third Andy Arellano to second | | Batting: RHB Jason Evans | 0-0: Fly out, F8 (Flyball, 8LD) | | Top of the 9th over - 0 runs, 1 hit, 0 errors, 2 left on base; Miami 5 - Florida State 14 |  | | Tuesday, October 31st, 2017 - OOTP Baseball 18.8 Build 76 | |